 Dungeon Crawl Stone Soup version 0.28.0-43-g3370ac3207 (webtiles) character file.

Game seed: 11997974882210782306

75 0gre the Chiller (level 4, 0/32 HPs)
             Began as a Gnoll Ice Elementalist on Mar 14, 2022.
             Slain by Sigmund
             ... wielding a +0 scythe
              (6 damage)
             ... on level 2 of the Dungeon.
             The game lasted 00:07:36 (2320 turns).

0gre the Chiller (Gnoll Ice Elementalist)           Turns: 2320, Time: 00:07:36

Health: 0/32       AC:  2    Str:  7    XL:     4   Next: 31%
Magic:  7/11       EV: 13    Int: 22    God:
Gold:   38         SH:  0    Dex: 13    Spells: 9/13 levels left

rFire   . . .      SeeInvis .   b - +0 hunting sling
rCold   . . .      Faith    .   (no shield)
rNeg    . . .      Spirit   .   e - +0 robe
rPois   .          Reflect  .   (no helmet)
rElec   .          Harm     .   (no cloak)
rCorr   .          Rampage  .   (no gloves)
Will    .....                   (no boots)
Stlth   +.........              (no amulet)
HPRegen 0.10/turn               j - +6 ring of intelligence
MPRegen 0.12/turn               (no ring)

@: confused
A: fangs 1, strong nose, distributed training
a: no special abilities


You were on level 2 of the Dungeon.
You visited 1 branch of the dungeon, and saw 2 of its levels.

You collected 38 gold pieces.

Inventory:

Hand Weapons
 a - a +0 short sword
 b - a +0 hunting sling (weapon)
Missiles
 i - 13 bolts
 k - 77 stones (quivered ammo)
Armour
 e - a +0 robe (worn)
Jewellery
 j - a +6 ring of intelligence (left hand)
Scrolls
 c - a scroll of fog {unknown}
 f - a scroll of enchant weapon {unknown}
 g - 3 scrolls of teleportation {unknown}
 h - a scroll of torment {unknown}
 m - a scroll of silence {unknown}
Potions
 d - a potion of curing {unknown}
 l - a potion of haste {unknown}
 n - 2 potions of flight {unknown}


   Skills:
 + Level 1.1 Fighting
 + Level 1.1 Short Blades
 + Level 1.1 Long Blades
 + Level 1.1 Axes
 + Level 1.1 Maces & Flails
 + Level 1.1 Polearms
 + Level 1.1 Staves
 + Level 1.1 Slings
 + Level 1.1 Bows
 + Level 1.1 Crossbows
 + Level 1.1 Throwing
 + Level 1.1 Armour
 + Level 4.6 Dodging
 + Level 4.2 Stealth
 + Level 1.1 Shields
 + Level 1.1 Unarmed Combat
 + Level 5.0 Spellcasting
 + Level 0.8 Conjurations
 + Level 0.8 Hexes
 + Level 0.8 Summonings
 + Level 0.8 Necromancy
 + Level 0.8 Translocations
 + Level 0.8 Transmutations
 + Level 0.8 Fire Magic
 + Level 7.1 Ice Magic
 + Level 0.8 Air Magic
 + Level 0.8 Earth Magic
 + Level 0.8 Poison Magic
 + Level 1.2 Invocations
 + Level 1.1 Evocations


You had 9 spell levels left.
You knew the following spells:

 Your Spells              Type           Power      Damage    Failure   Level
a - Freeze                Ice            100%       1d11      1%          1
b - Frozen Ramparts       Ice            74%        1d9       1%          3

Your spell library contained the following spells:

 Spells                   Type           Power      Damage    Failure   Level
 Ozocubu's Armour         Ice            37%        N/A       1%          3
 Hailstorm                Conj/Ice       23%        3d7       19%         4


Dungeon Overview and Level Annotations

Branches:
Dungeon (2/15)

Altars:

Annotations:
D:2 Robin, Sigmund


Innate Abilities, Weirdness & Mutations

You have very sharp teeth.
Your uncanny sense of smell can sniff out nearby items.
Your experience applies equally to all skills.


Message History

You see here 2 stones.
You hit the hobgoblin. You bite the hobgoblin.
The hobgoblin is heavily wounded.
The hobgoblin closely misses you.
Casting: Frozen Ramparts (safe; 1% risk of failure)
Confirm with . or Enter, or press ? or * to list all spells.
Casting: Frozen Ramparts (safe; 1% risk of failure)
Press: ? - help, Dir - look around, f - activate The walls around you are covered in ice.
The wall freezes the hobgoblin.
The hobgoblin barely misses you.
You hit the hobgoblin.
You kill the hobgoblin!
Something tries to affect you, but you resist.
The wall freezes something.
A magic dart appears from out of thin air!
The magic dart hits you!
The wall freezes something.
The wall freezes something.
Something hits you but does no damage.
The wall freezes something.
Something barely misses you.
The wall freezes something.
Something barely misses you.
b - a +0 hunting sling (weapon)
Fire: 78 stones
Press: ? - help, Q - select action, (/) - cycle Shift-Dir - straight line You shoot a stone.
The wall freezes something!
Something hits you!
Fire: 77 stones
Press: ? - help, Q - select action, (/) - cycle Shift-Dir - straight line You can't see that place.
You can't see that place.
Okay, then.
The wall freezes something.
You hear some strange, mumbled words.
You are confused.
The frozen ramparts melt away.
Something hits you!
* * * LOW HITPOINT WARNING * * *
A goblin comes into view. It is wielding a +0 club.
You're too confused to move!
The goblin shouts!
Something hits you.
You die...

#########. #.....# ##
#.g.).# #. ## #.##)#
#. .. #.##.# #. #.
##)##'## .# #. # #.
#.g.)).# #.# #.
.###.#. #......# #.#
#.
.......###......###.#
#.
........({.@.....##.#
#.
.###.#.#######.#.##.#
#. #. #.#.##.# #####.
#. #......# #..... #.
#.#.#..#######. #.
#.#........)... ##
#.#....########
#.#....# # #....# #


You could see 2 goblins.

Vanquished Creatures
  Jessica (D:2)
  An adder (D:2)
  A dart slug (D:1)
  A bat (D:1)
  2 endoplasms (D:2)
  A giant cockroach (D:2)
  6 hobgoblins
  3 jackals (D:2)
  2 ball pythons
  A frilled lizard (D:1)
  9 goblins
  5 kobolds
  A bush (D:1)
34 creatures vanquished.

Vanquished Creatures (others)
  A goblin (D:2)
  3 plants (D:1)
4 creatures vanquished.

Grand Total: 38 creatures vanquished

Notes
Turn   | Place    | Note
-------+----------+-------------------------------------------
     0 | D:1      | 0gre the Gnoll Ice Elementalist began the quest for the
                  | Orb.
     0 | D:1      | Reached XP level 1. HP: 13/13 MP: 6/6
   467 | D:1      | Reached XP level 2. HP: 19/19 MP: 7/7
  1521 | D:2      | Noticed Robin
  1938 | D:2      | Reached XP level 3. HP: 24/25 MP: 7/9
  1941 | D:2      | Reached skill level 5 in Spellcasting
  1987 | D:2      | Learned a level 3 spell: Frozen Ramparts
  2064 | D:2      | Reached skill level 1 in Invocations
  2072 | D:2      | Noticed Jessica
  2077 | D:2      | Killed Jessica
  2078 | D:2      | Reached skill level 1 in Fighting
  2078 | D:2      | Reached skill level 1 in Short Blades
  2078 | D:2      | Reached skill level 1 in Long Blades
  2078 | D:2      | Reached skill level 1 in Axes
  2078 | D:2      | Reached skill level 1 in Maces & Flails
  2078 | D:2      | Reached skill level 1 in Polearms
  2078 | D:2      | Reached skill level 1 in Staves
  2078 | D:2      | Reached skill level 1 in Slings
  2078 | D:2      | Reached skill level 1 in Bows
  2078 | D:2      | Reached skill level 1 in Crossbows
  2078 | D:2      | Reached skill level 1 in Throwing
  2078 | D:2      | Reached skill level 1 in Armour
  2078 | D:2      | Reached skill level 1 in Shields
  2078 | D:2      | Reached skill level 1 in Unarmed Combat
  2078 | D:2      | Reached skill level 1 in Evocations
  2078 | D:2      | Reached XP level 4. HP: 17/32 MP: 4/11
  2298 | D:2      | Noticed Sigmund
  2320 | D:2      | Slain by Sigmund

Illustrated notes

Levels and vault maps discovered:
D:1:      noname_arrival_rooms_in_the_neighbourhood, layout_loops_corners,
          serial_forest, infiniplex_forest_lined_corner, infiniplex_forest_pool,
          infiniplex_forest_lined_4_way, infiniplex_forest_clump_C,
          infiniplex_forest_end_2, infiniplex_forest_clump_tiny
D:2:      layout_basic, minmay_tetromino_l4, uniq_robin, uniq_sigmund,
          uniq_crazy_yiuf_cottage, uniq_jessica

Skill      XL: |  1  2  3 |
---------------+----------+-----
Spellcasting   | 5 |  5.0
Invocations    | 1 |  1.2
Fighting       | 1 |  1.1
Short Blades   | 1 |  1.1
Long Blades    | 1 |  1.1
Axes           | 1 |  1.1
Maces & Flails | 1 |  1.1
Polearms       | 1 |  1.1
Staves         | 1 |  1.1
Slings         | 1 |  1.1
Bows           | 1 |  1.1
Crossbows      | 1 |  1.1
Throwing       | 1 |  1.1
Armour         | 1 |  1.1
Shields        | 1 |  1.1
Unarmed Combat | 1 |  1.1
Evocations     | 1 |  1.1
Dodging        | |  4.6
Stealth        | |  4.2
Conjurations   | |  0.8
Hexes          | |  0.8
Summonings     | |  0.8
Necromancy     | |  0.8
Translocations | |  0.8
Transmutations | |  0.8
Fire Magic     | |  0.8
Ice Magic      | |  7.1
Air Magic      | |  0.8
Earth Magic    | |  0.8
Poison Magic   | |  0.8

Action                   |  1- 3 |  4- 6 || total
-------------------------+-------+-------++-------
Melee: Dagger            |    17 |       ||    17
       Bite              |    63 |     1 ||    64
       Short sword       |   286 |     4 ||   290
       Punch             |     9 |       ||     9
 Fire: Hunting sling     |     3 |     3 ||     6
 Cast: Freeze            |    19 |       ||    19
       Frozen Ramparts   |     2 |     4 ||     6
 Stab: Sleeping          |     7 |       ||     7
Armor: Robe              |     8 |     2 ||    10
Dodge: Dodged            |    25 |    13 ||    38
